 Dungeon Crawl Stone Soup version 0.31.0-32-g396128a36d (webtiles) character file.

Game seed: 5281276943606064903

1423 Econoterrorist the Carver (level 8, -6/70 HPs)
             Began as a Minotaur Fighter on Apr 11, 2024.
             Mangled by a manticore (11 damage)
             ... on level 7 of the Dungeon.
             The game lasted 00:11:49 (4760 turns).

Econoterrorist the Carver (Minotaur Fighter)        Turns: 4760, Time: 00:11:50

Health: -6/70      AC:  9    Str: 27    XL:     8   Next: 44%
Magic:  7/7        EV:  9    Int:  5    God:
Gold:   183        SH:  0    Dex: 12    Spells: 7/7 levels left

rFire   + . .        a - +0 long sword
rCold   + . .        c - +0 buckler
rNeg    . . .        b - +0 scale mail
rPois   .            n - +1 hat "Forget-Me-Not" {Rampage rF+ Slay+5}
rElec   .            (no cloak)
rCorr   .            l - +0 pair of gloves
SInv    .            (no boots)
Will    .....        (no amulet) Stlth
                     u - +6 ring of strength
HPRegen 0.31/turn    j - ring of protection from cold
MPRegen 0.10/turn

%: rampage
@: confused, ambrosia-drunk
A: horns 2, retaliatory headbutt
a: no special abilities


You were on level 7 of the Dungeon.
You visited 1 branch of the dungeon, and saw 7 of its levels.

You collected 216 gold pieces.
You spent 33 gold pieces at shops.

Inventory:

Hand Weapons
 a - a +0 long sword (weapon)
Armour
 b - a +0 scale mail (worn)
 c - a +0 buckler (worn)
 l - a +0 pair of gloves (worn)
 n - the +1 hat "Forget-Me-Not" (worn) {Rampage rF+ Slay+5}
   (You found it on level 2 of the Dungeon)

   Slay+5:    It affects your accuracy & damage with ranged weapons and melee
   (+5).
   rF+:       It protects you from fire.
   Rampage:   It bestows one free step when moving towards enemies.
Jewellery
 j - a ring of protection from cold (right hand)
 u - a +6 ring of strength (left hand)
 y - a ring of wizardry
Wands
 z - a wand of flame (20)
Scrolls
 e - 5 scrolls of identify
 f - 2 scrolls of noise {unknown}
 g - 3 scrolls of teleportation
 h - a scroll of enchant weapon {unknown}
 q - a scroll of amnesia {unknown}
 r - a scroll of vulnerability {unknown}
 t - 4 scrolls of fog {unknown}
 w - a scroll of revelation {unknown}
 x - a scroll of blinking {unknown}
 A - a scroll of enchant armour {unknown}
Potions
 d - a potion of might
 i - a potion of haste {unknown}
 k - a potion of lignification {unknown}
 o - a potion of ambrosia
 p - a potion of berserk rage {unknown}
 v - 3 potions of mutation


   Skills:
 + Level 5.7 Fighting
 + Level 10.2 Long Blades
 + Level 5.6 Armour
 + Level 5.6 Shields


You had 7 spell levels left.
You didn't know any spells.
Your spell library contained the following spells:

 Spells                   Type           Power      Damage    Failure   Level
 Necrotise                Necr           0%         1d4       78%         1
 Dazzling Flash           Conj/Hex       0%         N/A       98%         3
 Mephitic Cloud           Conj/Alch/Air  0%         N/A       98%         3
 Tukima's Dance           Hex            0%         N/A       98%         3
 Vampiric Draining        Necr           0%         2d6       98%         3
 Dimensional Bullseye     Hex/Tloc       0%         N/A       100%        4
 Iskenderun's Mystic Bla  Conj/Tloc      0%         2d3       100%        4
 Martyr's Knell           Necr/Summ      0%         N/A       100%        4
 Curse of Agony           Necr           0%         N/A       100%        5
 Silence                  Hex/Air        0%         N/A       100%        5


Dungeon Overview and Level Annotations

Branches:
Dungeon (7/15)
 Temple: D:4-7

Altars:
Gozag

Shops:
D:4 :(?=(


Innate Abilities, Weirdness & Mutations

You have a pair of horns on your head.
You reflexively headbutt those who attack you in melee.


Message History

You block the kobold brigand's attack.
You barely miss the kobold brigand.
Your headbutt misses the kobold brigand.
The kobold brigand is heavily wounded.
The kobold brigand hits you but does no damage.
You slash the kobold brigand!
The kobold brigand is almost dead.
The kobold brigand barely misses you. You furiously retaliate!
You headbutt the kobold brigand!
You kill the kobold brigand!
Your life force feels restored.
You closely miss the manticore. The manticore barely misses you.
You block the manticore's attack.
The manticore claws you but does no damage.
You slash the manticore! You headbutt the manticore!
The manticore is moderately wounded.
The manticore bites you but does no damage.
The manticore claws you. You block the manticore's attack.
You hit the manticore. Your headbutt misses the manticore.
The manticore is moderately wounded.
You block the manticore's attack. x2; The manticore claws you.
You barely miss the manticore. Your headbutt misses the manticore.
The manticore is moderately wounded.
You hit the manticore but do no damage.
The manticore is moderately wounded.
The manticore bites you. The manticore claws you!
You block the manticore's attack.
You hit the manticore. You headbutt the manticore!
The manticore is severely wounded.
The manticore bites you!
* * * LOW HITPOINT WARNING * * *
You block the manticore's attack. The manticore claws you!
* * * LOW HITPOINT WARNING * * *
You are confused.
You feel invigorated. The manticore barely misses you. The manticore claws you.
* * * LOW HITPOINT WARNING * * *
The manticore claws you.
* * * LOW HITPOINT WARNING * * *
You bump into the stone wall.
The manticore bites you!
You die...

# #+# .# #.##
..# ######..##
...#
#........##.K..#
#.<.).♣..@HK...#
#..[.....##....#
######..## ...#
#.## ### #+#


You could see a manticore and 2 kobolds.

Vanquished Creatures
  Duvessa (D:6)
  An orc warrior (D:7)
  A sky beast (D:6)
  A kobold brigand (D:7)
  5 scorpions
  Dowan (D:6)
  A bombardier beetle (D:5)
  An orc priest (D:7)
  2 hounds
  A jelly (D:6)
  A gnoll bouda (D:7)
  2 sleepcaps
  7 orc wizards
  11 adders
  6 gnolls
  2 ufetubi (D:6)
  3 dart slugs
  3 ribbon worms
  25 orcs
  9 endoplasms
  9 giant cockroaches
  16 goblins
  4 hobgoblins
  8 jackals
  7 quokkas
  A ball python (D:2)
  3 bats
  7 frilled lizards
  4 kobolds
  3 rats (D:1)
146 creatures vanquished.

Notes
Turn   | Place    | Note
-------+----------+-------------------------------------------
     0 | D:1      | Econoterrorist the Minotaur Fighter began the quest for the
                  | Orb.
     0 | D:1      | Reached XP level 1. HP: 19/19 MP: 0/0
    31 | D:1      | Reached skill level 3 in Long Blades
    31 | D:1      | Reached XP level 2. HP: 18/26 MP: 1/1
   197 | D:1      | Reached skill level 4 in Long Blades
   208 | D:1      | Found a faded altar of an unknown god.
   263 | D:1      | Reached XP level 3. HP: 30/31 MP: 2/2
   875 | D:2      | Reached skill level 5 in Long Blades
   976 | D:2      | Identified the +1 leather armour of Eternal Vigilance {rF+}
  1020 | D:2      | Identified the +1 hat "Forget-Me-Not" {Rampage rF+ Slay+5}
  1070 | D:2      | Found an opulent altar of Gozag.
  1180 | D:2      | Reached XP level 4. HP: 39/39 MP: 3/3
  1533 | D:3      | Reached skill level 6 in Long Blades
  1910 | D:3      | Reached XP level 5. HP: 45/45 MP: 4/4
  2224 | D:4      | Reached skill level 7 in Long Blades
  2250 | D:4      | Found Faugosai's Book Boutique.
  2349 | D:4      | Found Apeptic's Jewellery Shop.
  2493 | D:4      | Found Anoeq's Antique Weapon Emporium.
  2529 | D:4      | Found Alof's Magic Scroll Boutique.
  2536 | D:4      | Bought a scroll of teleportation for 33 gold pieces
  2603 | D:4      | Reached XP level 6. HP: 35/51 MP: 5/5
  2791 | D:4      | Found Zored's Weapon Emporium.
  3008 | D:5      | Entered Level 5 of the Dungeon
  3014 | D:5      | Reached skill level 8 in Long Blades
  3163 | D:5      | Identified the staff of Premature Burial {Conj Tloc}
  3319 | D:5      | Reached skill level 9 in Long Blades
  3319 | D:5      | Reached XP level 7. HP: 57/57 MP: 6/6
  3782 | D:6      | Noticed Dowan
  3785 | D:6      | Noticed Duvessa
  3798 | D:6      | Killed Dowan
  3798 | D:6      | Killed Duvessa
  4329 | D:6      | Reached XP level 8. HP: 64/67 MP: 7/7
  4540 | D:6      | Reached skill level 5 in Fighting
  4579 | D:6      | Reached skill level 5 in Shields
  4605 | D:6      | Reached skill level 5 in Armour
  4683 | D:6      | Reached skill level 10 in Long Blades
  4744 | D:7      | Noticed a manticore
  4758 | D:7      | HP: 2/70 [manticore (11)]
  4760 | D:7      | Mangled by a manticore

Illustrated notes

Levels and vault maps discovered:
D:1:      onia_arrival_mini_maze_b, layout_loops_ring,
          ebering_ecumenical_altar_webs, kennysheep_flooded_box,
          minmay_worlds_worst_comb
D:2:      layout_basic, basic_altar
D:3:      layout_loops_cross
D:4:      kb_forest_paths, layout_basic, serial_shops, nicolae_stop_n_shop_1,
          kennysheep_mini, nicolae_shop_waterfront, shop, nicolae_lakefront_shop
D:5:      layout_cave_pools
D:6:      layout_cave_pods, uniq_duvessa
D:7:      layout_basic, minmay_temple_entry_waves, grunt_ministairs_14,
          uniq_pikel, uniq_maggie

Skill      XL: |  1  2  3  4  5  6  7  8 |
---------------+-------------------------+-----
Long Blades    | 3 4 5 6 7 9 10 | 10.2
Fighting       | 4 5 |  5.7
Armour         | 4 5 |  5.6
Shields        | 4 5 |  5.6

Action                     |  1- 3 |  4- 6 |  7- 9 || total
---------------------------+-------+-------+-------++-------
  Melee: Long sword        |    95 |   113 |   121 ||   329
         Headbutt          |     8 |    19 |    25 ||    52
    Use: Scroll            |       |       |     5 ||     5
         Potion            |       |       |     2 ||     2
 Armour: Scale mail        |    58 |    70 |   103 ||   231
  Dodge: Dodged            |    50 |    32 |    54 ||   136
  Block: Buckler           |    19 |    16 |    28 ||    63
